Map: Incorporeal LE

Players

Gayplez - Winner!

  • Race: Terran Terran
  • League: Master
  • Spawn Location: 11:00

CaptBritain

  • Race: Zerg Zerg
  • League: Master
  • Spawn Location: 5:00

VOD

Have the link to the VOD?

Description

Time

  • Played on: July 26, 2025, 9:55 a.m.
  • Length: 14:56
Show
View Real Time Build Order
Export as new Build Order

Gayplez Terran - Winner!

Build Orders: Liberator Opening, Reaper Expand 

Get SALT Encoding   

  12  0:00  SCV  
  13  0:12  SCV  
  14  0:17  Supply Depot  
  14  0:24  SCV  
  15  0:39  SCV  
  15  0:41  Barracks  
  16  0:44  Refinery  
  16  0:51  SCV  
  17  1:03  SCV  
  18  1:15  SCV  
  19  1:27  Reaper  
  19  1:28  Orbital Command  
  20  1:38  Command Center  
  20  1:46  Supply Depot  
  20  1:54  SCV  
  20  1:59  Marine  
  22  2:06  SCV  
  23  2:11  Factory  
  23  2:18  SCV  
  23  2:21  Barracks Reactor  
  24  2:30  SCV  
  25  2:42  Command Center, SCV  
  26  2:53  Orbital Command  
  26  2:54  SCV  
  27  3:02  Starport  
  27  3:07  SCV  
  27  3:08  Refinery  
  28  3:15  Hellion  
  28  3:16  Hellion  
  28  3:19  SCV  
  33  3:23  SCV  
  34  3:31  Barracks Tech Lab  
  34  3:36  SCV, Hellion  
  34  3:37  SCV, Hellion  
  40  3:43  Liberator  
  43  3:48  SCV  
  43  3:49  SCV, Marine  
  46  3:58  Orbital Command  
  46  4:00  SCV  
  47  4:05  Hellion x2  
  47  4:07  Marine  
  52  4:14  SCV  
  52  4:15  Stimpack  
  52  4:16  Supply Depot  
  53  4:20  SCV  
  54  4:25  Marine  
  54  4:26  SCV  
  54  4:30  SCV  
  57  4:33  Factory Reactor, Barracks  
  57  4:38  SCV  
  58  4:39  Starport Reactor  
  58  4:40  Barracks  
  58  4:41  SCV  
  58  4:43  Marine  
  60  4:47  Supply Depot  
  60  4:54  Engineering Bay  
  60  4:57  Engineering Bay  
  60  4:58  SCV x2  
  60  4:59  SCV  
  63  5:00  Marine  
  63  5:03  Orbital Command  
  64  5:11  Barracks  
  64  5:13  Barracks  
  64  5:16  Refinery  
  64  5:17  SCV x2  
  64  5:18  Refinery, Marine  
  67  5:24  Factory Reactor  
  67  5:27  Marine x2  
  67  5:29  SCV x2  
  67  5:30  SCV  
  67  5:31  Terran Infantry Weapons Level 1, Terran Infantry Armor Level 1  
  70  5:36  Marine  
  71  5:46  Marine x2  
  71  5:49  Medivac x2  
  77  6:00  Supply Depot x2  
  77  6:02  Barracks Reactor  
  77  6:03  Barracks Reactor  
  77  6:10  Bunker  
  77  6:12  SCV x3, Widow Mine x2, Marine  
  85  6:21  Marine x3  
  85  6:23  Armory  
  85  6:24  SCV x2, Supply Depot  
  85  6:25  Supply Depot  
  90  6:28  Marine  
  90  6:30  Marine  
  92  6:33  SCV  
  92  6:34  Widow Mine  
  92  6:36  SCV  
  92  6:37  SCV  
  92  6:39  Refinery  
  97  6:41  Supply Depot  
  97  6:42  Supply Depot, Marine  
  97  6:45  SCV  
  99  6:48  SCV  
  99  6:51  Medivac  
  99  6:52  Supply Depot  
  102  6:57  Marauder, Marine x3  
  107  7:04  Widow Mine  
  107  7:06  Widow Mine, Marine  
  107  7:07  Marine  
  111  7:20  Marine  
  111  7:21  SCV, Marauder, Marine  
  108  7:26  Widow Mine  
  107  7:31  Marine x4  
  107  7:33  SCV  
  109  7:40  Terran Infantry Weapons Level 2, Terran Infantry Armor Level 2  
  109  7:42  Marauder  
  111  7:46  SCV, Marine x4  
  111  7:48  SCV  
  111  7:49  Marine x3  
  111  7:50  SCV  
  121  7:51  Supply Depot  
  121  7:58  SCV  
  122  8:00  SCV, Supply Depot  
  122  8:02  SCV  
  122  8:04  Marauder  
  126  8:08  Combat Shield, Marine x2  
  126  8:09  Medivac, Marine  
  126  8:11  Marine x2  
  126  8:12  Marine x3  
  134  8:16  Widow Mine  
  134  8:25  Marine  
  134  8:26  Marine  
  132  8:27  Medivac  
  132  8:29  Marine  
  132  8:32  Marine x2  
  131  8:39  Medivac  
  130  8:41  SCV  
  130  8:43  Marauder  
  130  8:45  Barracks  
  130  8:46  Barracks  
  130  8:47  Marine x3  
  130  8:48  SCV, Barracks  
  130  8:51  SCV  
  130  8:53  Widow Mine, Marine  
  130  8:55  Supply Depot  
  134  8:57  Medivac  
  135  9:04  Marauder  
  135  9:06  Marine x3  
  135  9:07  Marine x2  
  135  9:09  Medivac  
  145  9:10  SCV  
  145  9:11  Supply Depot  
  145  9:12  Supply Depot  
  140  9:22  Marine x3  
  140  9:24  Marine x2  
  141  9:25  Widow Mine x2  
  141  9:26  Marauder  
  141  9:27  Medivac  
  141  9:30  Supply Depot  
  151  9:32  Supply Depot  
  151  9:34  Supply Depot  
  151  9:38  Concussive Shells  
  151  9:39  Medivac  
  152  9:47  Command Center, Marauder  
  139  9:54  Marine  
  139  9:57  Medivac  
  135  10:01  Marine x5  
  135  10:02  Marine x2  
  137  10:08  Widow Mine  
  137  10:09  Marauder, Marine  
  137  10:10  Marine  
  137  10:12  Marine  
  138  10:17  Marine  
  138  10:19  Marine x3  
  136  10:24  Widow Mine  
  135  10:30  Marauder  
  135  10:32  Marine x5  
  136  10:39  Command Center  
  135  10:43  Marine  
  135  10:44  Marine x5  
  135  10:49  Marine  
  141  10:50  Marine  
  141  10:51  Marauder  
  141  10:55  Marine x2  
  141  10:56  Marine  
  126  10:58  Orbital Command  
  126  11:01  Marine  
  126  11:02  Marine x5  
  107  11:07  Marine x2  
  105  11:13  Marauder, Marine x3  
  102  11:19  SCV x2, Marine x4  
  102  11:20  Marine x2  
  102  11:25  Marine x2  
  108  11:27  SCV  
  108  11:31  Marine x3  
  108  11:34  Marine  
  108  11:36  Marine  
  108  11:37  Marine x4  
  108  11:38  Marine  
  108  11:39  Engineering Bay  
  103  11:44  SCV  
  99  11:49  SCV  
  99  11:50  SCV  
  101  11:57  Marauder, Marine x2  
  105  12:02  SCV x2  
  107  12:12  Marine  
  107  12:13  Marine x4  
  107  12:14  Barracks Tech Lab x2  
  112  12:19  Marauder, Supply Depot  
  112  12:20  Supply Depot  
  114  12:23  Marine  
  114  12:24  Marine  
  115  12:30  SCV  
  115  12:31  Marine x3  
  115  12:32  Marine x2  
  115  12:33  Marine x2  
  121  12:40  Medivac x2, Marauder  
  121  12:43  Marine  
  127  12:44  SCV x2  
  127  12:45  SCV  
  130  12:52  Planetary Fortress  
  130  12:53  Marine  
  130  12:54  Marauder, Marine  
  130  12:56  SCV  
  130  13:03  Marauder, Marine x3  
  130  13:04  Marine  
  136  13:05  SCV  
  136  13:10  Marine  
  136  13:11  Marauder  
  134  13:13  SCV  
  134  13:19  Marine x2  
  130  13:20  Marauder  
  129  13:27  Marine  
  129  13:28  Marauder  
  124  13:43  SCV x3  
  124  13:45  SCV  
  123  13:48  Command Center  
  123  13:49  Marine  
  123  13:50  Marine  
  123  13:54  Marine x2  
  123  13:55  SCV x3  
  126  13:57  Marine x2  
  126  14:00  Marine  
  129  14:05  Marine  
  129  14:06  Marauder, Marine  
  129  14:08  SCV  
  129  14:09  SCV  
  135  14:17  Marine x2  
  132  14:24  Marine  
  130  14:28  Marauder, Marine  
  124  14:32  Marine x6  
  124  14:33  Marine  
Show
View Real Time Build Order
Export as new Build Order

CaptBritain Zerg 

Build Orders: Hatch First 

Get SALT Encoding   

  12  0:00  Drone  
  13  0:11  Drone  
  14  0:14  Extractor  
  14  0:15  Drone  
  15  0:21  Overlord  
  15  0:40  Drone  
  16  0:45  Hatchery  
  16  0:49  Drone  
  16  0:52  Drone  
  16  0:56  Drone  
  18  1:07  Extractor  
  17  1:11  Spawning Pool  
  17  1:15  Drone  
  17  1:18  Drone  
  18  1:26  Drone  
  19  1:38  Drone  
  20  1:48  Drone  
  21  1:57  Queen  
  21  1:58  Queen  
  21  1:59  Zergling x4  
  27  2:10  Drone  
  28  2:18  Hatchery  
  28  2:21  Drone  
  28  2:23  Overlord  
  27  2:30  Metabolic Boost  
  27  2:47  Drone x2  
  27  2:48  Drone x2  
  31  2:53  Queen, Overlord  
  33  3:01  Drone  
  33  3:02  Drone  
  35  3:12  Queen  
  37  3:14  Drone x4  
  41  3:21  Overlord  
  41  3:22  Drone  
  42  3:29  Drone  
  42  3:31  Queen  
  45  3:35  Queen  
  47  3:48  Drone x5  
  50  3:49  Drone x3  
  50  3:54  Overlord  
  50  3:55  Drone  
  56  4:00  Zergling x2  
  57  4:10  Lair  
  57  4:14  Drone x3  
  57  4:15  Overlord  
  60  4:24  Overlord  
  60  4:33  Queen x2  
  60  4:35  Drone  
  60  4:36  Overlord  
  60  4:37  Overlord  
  65  4:46  Zergling x10  
  65  4:48  Drone x3  
  65  4:52  Overlord  
  73  4:59  Drone x6  
  79  5:08  Extractor x2  
  79  5:11  Evolution Chamber, Hatchery  
  79  5:12  Evolution Chamber  
  71  5:20  Drone  
  76  5:21  Drone x4  
  76  5:32  Drone  
  76  5:33  Drone x5  
  82  5:39  Extractor x2  
  78  5:49  Drone  
  80  5:50  Extractor, Drone x2  
  80  5:53  Drone  
  80  5:54  Drone  
  82  5:58  Zerg Missile Weapons Level 1, Zerg Ground Armor Level 1  
  82  6:01  Roach Warren  
  82  6:03  Overseer  
  81  6:06  Drone x2  
  83  6:25  Overlord x4  
  83  6:26  Baneling Nest  
  83  6:30  Zergling x10  
  87  6:39  Drone x2  
  89  6:42  Glial Reconstitution  
  89  6:43  Roach  
  89  6:44  Roach x9  
  98  7:19  Roach x2, Zergling x2  
  98  7:20  Roach x8, Zergling x14  
  103  7:39  Roach  
  103  7:40  Roach x7  
  116  7:48  Overlord x2  
  116  7:57  Baneling x4  
  116  7:58  Baneling  
  115  8:00  Roach x2  
  117  8:07  Overlord x2  
  117  8:08  Roach x4  
  117  8:09  Roach  
  127  8:18  Overseer x2  
  124  8:20  Roach x2  
  124  8:23  Overlord x3  
  116  8:37  Roach  
  116  8:38  Roach x10  
  116  8:39  Overlord  
  116  8:40  Overlord x3  
  136  8:47  Queen  
  136  8:48  Queen  
  140  8:56  Hatchery  
  140  8:58  Pneumatized Carapace  
  140  9:01  Hatchery  
  140  9:02  Roach x2  
  142  9:06  Roach x7  
  142  9:07  Roach x2  
  142  9:08  Ravager  
  142  9:09  Ravager x4  
  165  9:19  Ravager x6  
  165  9:21  Roach x3  
  177  9:32  Overseer  
  166  9:49  Roach  
  166  9:50  Roach x14  
  180  10:09  Roach x7  
  180  10:23  Roach x4, Zergling x8  
  180  10:24  Zergling x2  
  191  10:33  Roach x3, Zergling x4  
  166  10:53  Roach x8  
  165  10:57  Roach, Zergling x4  
  136  11:16  Overseer  
  136  11:17  Overseer  
  131  11:18  Roach  
  131  11:19  Roach x7  
  134  11:32  Roach x4, Zergling x4  
  102  11:43  Roach  
  102  11:44  Roach x4  
  96  11:59  Roach x4, Zergling x8  
  107  12:04  Ravager x7  
  114  12:10  Baneling x3  
  114  12:24  Roach  
  114  12:25  Roach x6  
  127  12:42  Roach x3  
  127  12:43  Roach x5  
  142  12:51  Baneling x5  
  138  13:06  Zergling x2  
  138  13:07  Roach x4, Zergling x4  
  146  13:14  Tunneling Claws  
  144  13:22  Roach x4  
  148  13:40  Roach x7  
  149  14:01  Zergling x2  
  149  14:02  Roach x3, Zergling x4  
  158  14:05  Ravager x2  
  160  14:14  Hatchery  
  147  14:18  Roach x4, Zergling x4  
  125  14:32  Roach x3, Zergling x4  
Tags
 
Add a new tag
Caveats
  • Supply blocks, unpowered buildings, or Contaminate may cause inaccurate times.
  • Supply counts are checked every 10 seconds.